 Dungeon Crawl Stone Soup version 0.19-a0-1111-gcceb26a (webtiles) character file.

4713 Denapoli the Destroyer (level 10, 0/54 HPs)
             Began as a Deep Elf Conjurer on Aug 11, 2016.
             Was a Believer of Vehumet.
             Slain by a yak (9 damage)
             ... on level 9 of the Dungeon.
             The game lasted 00:30:36 (10668 turns).

Denapoli the Destroyer (Deep Elf Conjurer)         Turns: 10668, Time: 00:30:39

Health: 0/54       AC:  6    Str:  5    XL:     10   Next: 22%
Magic:  3/16       EV: 18    Int: 24    God:    Vehumet [**....]
Gold:   438        SH:  3    Dex: 19    Spells: 4 memorised, 6 levels left

rFire  . . .     SeeInvis +     N - +7 great sword "Spiderslayer" {drain, -Tele +Fly Dex+4}
rCold  . . .     Gourm    .     A - +1 robe {MR+}
rNeg   . . .     Faith    .     (shield currently unavailable)
rPois  .         Spirit   .     l - +0 helmet
rElec  .         Dismiss  .     q - +1 cloak {+Inv}
rCorr  .         Reflect  +     (no gloves)
SustAt .         Harm     .     (no boots)
MR     ++...     NoTele   +     u - +3 amulet of reflection
Stlth  ++........               n - +3 ring of evasion
                                m - ring of see invisible

@:
A: no striking features
a: Renounce Religion, Evoke Invisibility, Evoke Flight


You were on level 9 of the Dungeon.
You worshipped Vehumet.
Vehumet was pleased with you.
You were not hungry.

You visited 2 branches of the dungeon, and saw 10 of its levels.

You collected 438 gold pieces.

Inventory:

Hand Weapons
 N - the +7 great sword "Spiderslayer" (weapon) {drain, -Tele +Fly Dex+4}
   (You found it on level 8 of the Dungeon)

   A truly terrible weapon, it drains the life of those it strikes.
   It affects your dexterity (+4).
   It lets you fly.
   It prevents most forms of teleportation.
Armour
 l - a +0 helmet (worn)
 q - a +1 cloak of invisibility (worn)
 A - a +1 robe of magic resistance (worn)
Jewellery
 h - an uncursed ring of ice {unknown}
 m - a ring of see invisible (left hand)
 n - a +3 ring of evasion (right hand)
 u - a +3 amulet of reflection (around neck)
 L - an uncursed amulet of the gourmand
Wands
 e - a wand of slowing (21/48)
 v - a wand of digging (1/24)
 w - a wand of teleportation (1/9)
 y - a wand of flame (15/48)
 z - a wand of polymorph (11/24)
 E - a wand of slowing (25/48)
 J - a wand of teleportation (6/9)
Scrolls
 f - a scroll of brand weapon {unknown}
 g - 4 scrolls of remove curse {unknown}
 i - a scroll of amnesia {unknown}
 o - a scroll of fog {unknown}
 t - a scroll of enchant weapon {unknown}
 C - a scroll of magic mapping {unknown}
 D - 3 scrolls of identify
 H - a scroll of summoning {unknown}
 K - 2 scrolls of immolation {unknown}
Potions
 a - 2 potions of curing
 c - 2 potions of degeneration {unknown}
 r - 3 potions of agility
 s - 5 potions of might
 x - a potion of lignification
 G - a potion of magic {unknown}
 I - 2 potions of flight {unknown}
 M - a potion of mutation {unknown}
Books
 b - a book of Conjurations

   Spells                             Type                      Level
   a - Magic Dart                     Conjuration                  1
   b - Searing Ray                    Conjuration                  2
   c - Dazzling Spray                 Conjuration/Hexes            3
   d - Fulminant Prism                Conjuration/Hexes            4
   e - Iskenderun's Mystic Blast      Conjuration                  4
   f - Iskenderun's Battlesphere      Conjuration/Charms           5
 B - an Akashic Record

   Spells                             Type                      Level
   a - Dispersal                      Translocation                6
   b - Malign Gateway                 Summoning/Translocation      7
   c - Disjunction                    Translocation                8
   d - Controlled Blink               Translocation                8
Comestibles
 j - 3 fruits
 k - 2 slices of pizza
 O - 2 bread rations
 P - 10 royal jellies


   Skills:
 + Level 2.6 Fighting
 + Level 4.6 Dodging
 - Level 2.4 Stealth
 - Level 3.0 Spellcasting
 * Level 13.4 Conjurations
 - Level 6.4 Charms
 * Level 6.3 Fire Magic


You had 6 spell levels left.
You knew the following spells:

 Your Spells              Type           Power        Failure   Level  Hunger
a - Magic Dart            Conj           ####         1%          1    None
b - Searing Ray           Conj           ######       1%          2    ##.....
c - Iskenderun's Battles  Conj/Chrm      ######..     6%          5    ######.
d - Flame Tongue          Conj/Fire      #####        1%          1    None


Dungeon Overview and Level Annotations

Branches:
Dungeon (9/15)             Temple (1/1) D:5
   Lair: D:8-11         Orc: D:9-12

Altars:
Cheibriados
Dithmenos
Elyvilon
Fedhas
Hepliaklqana
Makhleb
Nemelex Xobeh
Okawaru
Pakellas
Qazlal
Ru
Sif Muna
Trog
Vehumet
Yredelemnul
Zin
The Shining One

Annotations:
D:5 redmage's ghost, amateur MiFi


Message History

Press: ? - help, Shift-Dir - straight line, f - yak
Aim: a yak The magic dart hits the yak.
The yak is lightly wounded.
Your battlesphere fires!
The barrage of energy hits the yak.
The yak is moderately wounded.
Casting: Magic Dart
Confirm with . or Enter, or press ? or * to list all spells.
Aiming: Magic Dart
Press: ? - help, Shift-Dir - straight line, f/p - yak
Aim: a yak (moderately wounded)
The magic dart hits the yak.
The yak is moderately wounded.
Your battlesphere fires!
The barrage of energy hits the yak.
The yak is severely wounded.
Your battlesphere expends the last of its energy and dissipates.
The yak gores you!
You die...

##########
######........#
#...##.######.# ###
###*#.##.# #.###.##
#...#....######.##..§##
#.#####.........@Y....#
#.*.#..).######.##†..##
###.#....## #.###.##
###.......#####.# #†#
.....#).........# #.#
#######.######### #.#
#.# #.# #. #Y......#
#..Y......#


You could see a yak.

Vanquished Creatures
  A troll (D:9)
  A two-headed ogre (D:9)
  7 yaks
  Menkaure (D:6)
  Duvessa (D:6)
  A wasp (D:8)
  An ice beast (D:9)
  A sky beast (D:5)
  A black bear (D:7)
  A phantom (D:6)
  An ogre (D:8)
  A centaur (D:8)
  A necrophage (D:6)
  2 big kobolds
  2 giant frogs
  Dowan (D:6)
  2 scorpions (D:7)
  7 wights
  A giant frog zombie (D:6)
  8 crimson imps
  3 hounds
  5 jellies
  5 orc priests
  Jessica (D:3)
  5 iguanas
  Terence (D:3)
  8 worker ants
  10 orc wizards
  A hound skeleton (D:4)
  A worker ant zombie (D:8)
  A gnoll (D:8)
  8 adders
  2 shadow imps
  5 oozes (D:8)
  3 adder skeletons
  6 worms
  A dart slug (D:1)
  2 giant geckos
  32 orcs
  4 giant cockroaches
  6 goblins
  6 hobgoblins
  4 jackals (D:3)
  A quokka (D:4)
  A ball python (D:3)
  9 bats
  A giant cockroach zombie (D:5)
  A giant gecko skeleton (D:4)
  5 giant newts
  19 kobolds
  11 rats
210 creatures vanquished.

Vanquished Creatures (others)
  2 kobolds (D:7)
2 creatures vanquished.

Grand Total: 212 creatures vanquished

Notes
Turn   | Place    | Note
-------+----------+-------------------------------------------
     0 | D:1      | Denapoli the Deep Elf Conjurer began the quest for the Orb.
     0 | D:1      | Reached XP level 1. HP: 10/10 MP: 6/6
   338 | D:1      | Reached XP level 2. HP: 15/15 MP: 6/8
   372 | D:1      | Reached skill level 5 in Conjurations
   884 | D:2      | Reached XP level 3. HP: 19/19 MP: 0/9
  1033 | D:2      | Learned a level 2 spell: Searing Ray
  1149 | D:2      | Found a faded altar of an unknown god.
  1503 | D:2      | Reached skill level 6 in Conjurations
  1760 | D:3      | Noticed a moth of wrath
  1763 | D:3      | Found a bloodstained altar of Trog.
  1794 | D:3      | Reached XP level 4. HP: 24/24 MP: 5/10
  1876 | D:3      | Noticed Jessica
  1877 | D:3      | Killed Jessica
  2075 | D:3      | Reached XP level 5. HP: 28/28 MP: 0/11
  2089 | D:3      | Reached skill level 7 in Conjurations
  2188 | D:3      | Learned a level 5 spell: Iskenderun's Battlesphere
  2192 | D:3      | Found a hazy altar of Hepliaklqana.
  2205 | D:3      | Found a basalt altar of Yredelemnul.
  2343 | D:3      | Found an oddly glowing altar of Pakellas.
  2516 | D:3      | Noticed Terence
  2527 | D:3      | Killed Terence
  2527 | D:3      | Reached skill level 1 in Charms
  3168 | D:3      | Found a glowing silver altar of Zin.
  3168 | D:3      | Noticed an angel
  3417 | D:4      | Reached XP level 6. HP: 16/32 MP: 1/12
  4022 | D:4      | Reached skill level 8 in Conjurations
  4419 | D:4      | Found a snail-covered altar of Cheibriados.
  4419 | D:4      | Found a stormy altar of Qazlal.
  4419 | D:4      | Found a shadowy altar of Dithmenos.
  4420 | D:4      | Found a sparkling altar of Nemelex Xobeh.
  4578 | D:5      | Entered Level 5 of the Dungeon
  4730 | D:5      | Reached skill level 5 in Charms
  4736 | D:5      | Noticed redmage's ghost (amateur MiFi)
  4803 | D:5      | Reached XP level 7. HP: 26/36 MP: 1/13
  5542 | D:5      | Reached skill level 9 in Conjurations
  5733 | D:5      | Found a white marble altar of Elyvilon.
  5744 | D:5      | Found a staircase to the Ecumenical Temple.
  5759 | Temple   | Entered the Ecumenical Temple
  5847 | Temple   | Became a worshipper of Vehumet
  6072 | D:6      | Noticed Dowan
  6074 | D:6      | Noticed Duvessa
  6217 | D:6      | Reached XP level 8. HP: 38/41 MP: 0/14
  6353 | D:6      | Reached skill level 10 in Conjurations
  6671 | D:6      | Killed Duvessa
  6673 | D:6      | Killed Dowan
  6762 | D:6      | Reached skill level 11 in Conjurations
  7068 | D:6      | Reached * piety under Vehumet
  7068 | D:6      | Offered knowledge of Flame Tongue by Vehumet.
  7071 | D:6      | Learned a level 1 spell: Flame Tongue
  7200 | D:6      | Found a deep blue altar of Sif Muna.
  7200 | D:6      | Noticed Menkaure
  7205 | D:6      | Killed Menkaure
  7205 | D:6      | Reached skill level 1 in Fire Magic
  8021 | D:7      | Reached skill level 12 in Conjurations
  8021 | D:7      | Reached XP level 9. HP: 34/45 MP: 3/15
  9239 | D:8      | Reached skill level 1 in Fighting
  9421 | D:8      | Found a glowing golden altar of the Shining One.
  9841 | D:8      | Reached ** piety under Vehumet
  9841 | D:8      | Reached skill level 5 in Fire Magic
  9847 | D:8      | Offered knowledge of Sting by Vehumet.
  9854 | D:8      | Got a steaming great sword
  9855 | D:8      | Identified the +7 great sword "Spiderslayer" {drain, -Tele +Fly Dex+4} (You found it on level 8 of the Dungeon)
 10206 | D:8      | Reached skill level 13 in Conjurations
 10384 | D:9      | Noticed a troll
 10392 | D:9      | Killed a troll
 10392 | D:9      | Reached XP level 10. HP: 48/53 MP: 10/16
 10445 | D:9      | Found a white marble altar of Elyvilon.
 10668 | D:9      | Slain by a yak

Vault maps used:
D:1:      dpeg_arrival_arbitrary_c
D:2:      ecumenical_altar_2, solitary_fountain, minmay_misc_feat_roman
D:3:      tgw_trog, zin_angel, grunt_temple_overflow_open,
          johnstein_pakellas_dig, uniq_terence, uniq_jessica
D:4:      minitemple
D:5:      first_bread, elyvilon_altar_5
D:6:      minmay_misc_feat_doors, minmay_misc_feat_pillars, led_sif_book,
          uniq_duvessa, uniq_menkaure
D:8:      hangedman_little_slice_of_home, nicolae_tso_carved_into_rock
D:9:      lemuel_crystal_altar, moated_statue
Temple:   nicolae_temple_god_jail

Skill      XL: |  1  2  3  4  5  6  7  8  9 10 |
---------------+-------------------------------+-----
Conjurations   | 5 6 7 8 9 12 13 | 13.4
Charms         | 3 5 6 |  6.4
Fire Magic     | 2 5 6 |  6.3
Fighting       | 2 |  2.6
Dodging        | 4 |  4.6
Stealth        | |  2.4
Spellcasting   | |  3.0

Action                   |  1- 3 |  4- 6 |  7- 9 | 10-12 || total
-------------------------+-------+-------+-------+-------++-------
Melee: Short sword       |       |    39 |    30 |       ||    69
       Great sword       |       |       |    37 |    15 ||    52
 Cast: Magic Dart        |    77 |   185 |   213 |     9 ||   484
       Searing Ray       |       |     1 |     1 |     1 ||     3
       Iskenderun's Batt |       |       |    46 |     2 ||    48
       Flame Tongue      |       |       |     4 |       ||     4
  Use: Scroll            |       |     4 |     8 |       ||    12
       Potion            |       |     2 |       |       ||     2
 Stab: Sleeping          |       |       |       |     1 ||     1
  Eat: Bread ration      |     1 |     1 |     2 |       ||     4
       Chunk             |       |     6 |     4 |       ||    10
       Meat ration       |       |       |     3 |     1 ||     4
       Beef jerky        |       |       |     3 |       ||     3
Armor: Robe              |       |    10 |    22 |     2 ||    34
Dodge: Dodged            |     1 |    52 |    91 |    12 ||   156
Block: Other             |       |     6 |    19 |     3 ||    28
       Reflection        |       |       |     5 |       ||     5
